 Dungeon Crawl Stone Soup version 0.21.1-1-g345015f (webtiles) character file.

112 cultivahabas the Chopper (level 4, -6/41 HPs)
             Began as a Hill Orc Monk on Apr 28, 2018.
             Was a Believer of Beogh.
             Mangled by Robin
             ... wielding a +0 trident
              (10 damage)
             ... on level 3 of the Dungeon.
             The game lasted 00:09:08 (2536 turns).

cultivahabas the Chopper (Hill Orc Monk)            Turns: 2536, Time: 00:09:09

Health: -6/41      AC:  4    Str: 14    XL:     4   Next: 93%
Magic:  1/4        EV: 10    Int: 10    God:    Beogh [**....]
Gold:   152        SH:  0    Dex: 13    Spells: 3/3 levels left

rFire    . . .     SeeInvis .   r - +1 war axe
rCold    . . .     Gourm    .   (no shield)
rNeg     . . .     Faith    .   o - -2 scale mail (curse)
rPois    .         Spirit   .   (no helmet)
rElec    .         Reflect  .   (no cloak)
rCorr    .         Harm     .   (no gloves)
MR       .....                  (no boots)
Stlth    ..........             (no amulet)
HPRegen  0.13/turn              (no ring)
MPRegen  0.09/turn              (no ring)

@: slowed, very slow
A: no striking features
a: Smiting, Renounce Religion


You were on level 3 of the Dungeon.
You worshipped Beogh.
Beogh was pleased with you.
You were hungry.

You visited 1 branch of the dungeon, and saw 3 of its levels.

You collected 152 gold pieces.

Inventory:

Hand Weapons
 a - a +0 hand axe
 r - a +1 war axe (weapon)
Missiles
 p - 74 stones (quivered)
Armour
 b - a +0 robe
 e - a +0 plate armour
 o - a cursed -2 scale mail (worn)
Jewellery
 m - an uncursed amulet of magic regeneration {unknown}
Scrolls
 f - a scroll of blinking {unknown}
 g - a scroll of teleportation
 n - 2 scrolls of fear
Potions
 d - a potion of curing
 h - a potion of cancellation
 i - a potion of lignification {unknown}
 j - a potion of brilliance {unknown}
 k - a potion of heal wounds {unknown}
Comestibles
 c - 7 rations
 l - 3 chunks of flesh


   Skills:
 + Level 4.3 Fighting
 * Level 5.6 Axes
 * Level 2.6 Armour
 - Level 2.4 Dodging
 - Level 1.5 Stealth


You had 3 spell levels left.
You didn't know any spells.

Dungeon Overview and Level Annotations

Branches:
Dungeon (3/15)

Altars:
Gozag
The Shining One

Annotations:
D:3 Robin


Message History

Robin barely misses you. Robin barely misses you.
The orc wizard gestures wildly while chanting.
The orc wizard blinks!
You are feeling hungry.
Robin closely misses you. The orc misses you. Robin hits you with a trident.
* * * LOW HITPOINT WARNING * * *
Aiming: Smiting
Press: ? - help, Dir - move target cursor, f - Robin Smite: Robin, wielding a trident, wearing a runed animal skin and wearing a helmet (berserk, fast, unusually strong)
You smite Robin!
Robin is moderately wounded.
Robin hits you with a trident.
* * * LOW HITPOINT WARNING * * *
The orc closely misses you. Robin hits you with a trident.
* * * LOW HITPOINT WARNING * * *
Robin barely misses you.
The goblin no longer looks unusually strong.
Robin hits you with a trident!
You die...

##........# #.###...#
##.[[))<..# #.......#
#......)..# #####...#
#(....)...##### ##.##
#.#.........o.# #)#
#.#.......###.#### #.#
#.#....).....og..# #.#
#.#..##..##..##g.## #.#
#.#[####....####@.#####.#
#.#.## ##..## ##..##....#
#.#..## #..# ##......####
#.#...###..###...###.#
#.#.#..........#.###.#
#.#.#..........#.....#
#.#...###o.###....####
.....## #..# ##...#
##..## ##..## ##..#


You could see Robin (berserk), an orc wizard, an orc and a goblin.

Vanquished Creatures
  3 adders (D:3)
  6 worms
  3 dart slugs
  4 leopard geckos
  2 orcs
  2 giant cockroaches (D:2)
  10 goblins
  7 hobgoblins
  2 jackals (D:2)
  A quokka (D:3)
  3 bats
  6 frilled lizards
  6 rats
55 creatures vanquished.

Vanquished Creatures (others)
  2 orc priests (D:3)
  2 adders (D:3)
  2 orcs (D:3)
  A giant cockroach (D:3)
  5 goblins (D:3)
  A hobgoblin (D:3)
  A jackal (D:3)
  A kobold (D:3)
15 creatures vanquished.

Grand Total: 70 creatures vanquished

Notes
Turn   | Place    | Note
-------+----------+-------------------------------------------
     0 | D:1      | cultivahabas the Hill Orc Monk began the quest for the Orb.
     0 | D:1      | Reached XP level 1. HP: 19/19 MP: 1/1
   264 | D:1      | Reached XP level 2. HP: 27/27 MP: 2/2
   362 | D:1      | Found a glowing golden altar of the Shining One.
   609 | D:1      | Reached skill level 1 in Armour
   761 | D:2      | Reached XP level 3. HP: 19/33 MP: 3/3
  1046 | D:2      | Found an opulent altar of Gozag.
  1126 | D:2      | Reached skill level 5 in Axes
  1219 | D:3      | Became a worshipper of Beogh the Brigand
  1219 | D:3      | Reached * piety under Beogh
  1219 | D:3      | Reached ** piety under Beogh
  1367 | D:3      | Reached XP level 4. HP: 19/40 MP: 4/4
  2310 | D:3      | Noticed Robin
  2536 | D:3      | Mangled by Robin

Skill      XL: |  1  2  3 |
---------------+----------+-----
Armour         | 1 2 |  2.6
Fighting       | 4 |  4.3
Axes           | 5 |  5.6
Dodging        | |  2.4
Stealth        | |  1.5

Action                   |  1- 3 |  4- 6 || total
-------------------------+-------+-------++-------
Melee: Hand axe          |   151 |    77 ||   228
       War axe           |       |    12 ||    12
Invok: Convert to Beogh  |     1 |       ||     1
       Smiting           |       |     2 ||     2
  Use: Potion            |     2 |       ||     2
       Scroll            |       |     4 ||     4
  Eat: Chunk             |     2 |     3 ||     5
Armor: Plate armour      |   106 |    45 ||   151
       Robe              |     2 |       ||     2
       Scale mail        |       |     6 ||     6
Dodge: Dodged            |    26 |    27 ||    53
